 Dungeon Crawl Stone Soup version 0.29.1-12-g30fa7ad0bf (webtiles) character file.

Game seed: 2121945547222761228

4 Flaz the Trooper (level 1, -2/19 HPs)
             Began as a Ghoul Monk on Jan 15, 2023.
             Slain by a gnoll
             ... wielding a +0 club
              (7 damage)
             ... on level 1 of the Dungeon.
             The game lasted 00:00:43 (99 turns).

Flaz the Trooper (Ghoul Monk)                         Turns: 99, Time: 00:00:43

Health: -2/19      AC:  3    Str: 14    XL:     1   Next: 60%
Magic:  0/0        EV: 12    Int:  5    God:
Gold:   13         SH:  0    Dex: 11    Spells: 0/0 levels left

rFire   . . .      SeeInvis .   a - +0 hand axe
rCold   + . .      Faith    .   (no shield)
rNeg    + + +      Spirit   .   b - +0 robe
rPois   ∞          Reflect  .   (no helmet)
rElec   .          Harm     .   (no cloak)
rCorr   .          Rampage  .   d - +0 pair of gloves
Will    .....                   (no boots)
Stlth   ++........              (no amulet)
HPRegen 0.00/turn               (no ring)
MPRegen 0.07/turn               (no ring)

@: inhibited regen
A: claws 1, cold resistance 1, negative energy resistance 3, inhibited
regeneration, torment resistance 2, devour on kill
a: no special abilities


You were on level 1 of the Dungeon.
You visited 1 branch of the dungeon, and saw 1 of its levels.

You collected 13 gold pieces.

Inventory:

Hand Weapons
 a - a +0 hand axe (weapon)
Armour
 b - a +0 robe (worn)
 d - a +0 pair of gloves (worn)
Potions
 c - a potion of ambrosia


   Skills:
 - Level 3.2 Fighting
 + Level 3.0 Axes
 - Level 2.6 Dodging
 - Level 2.1 Stealth


You couldn't memorise any spells.
You didn't know any spells.
Your spell library was empty.

Dungeon Overview and Level Annotations

Branches:
Dungeon (1/15)

Altars:


Innate Abilities, Weirdness & Mutations

You are immune to poison.
You have sharp fingernails.
Your flesh is cold resistant. (rC+)
You are immune to negative energy. (rN+++)
You do not regenerate when monsters are visible.
You are immune to unholy pain and torment.
You thrive by killing the living.


Message History

You hit the endoplasm.
You kill the endoplasm!
No target in view!
HP restored.
A giant cockroach comes into view.
Found a scroll labelled YSTRUS EDWYRPH.
A gnoll and a quokka come into view.
The giant cockroach bites you but does no damage.
You closely miss the giant cockroach. The giant cockroach barely misses you.
The giant cockroach closely misses you.
You slash the giant cockroach!
You kill the giant cockroach!
The gnoll shouts!
A goblin comes into view. It is wielding a +0 dagger.
You hit the quokka but do no damage. The quokka closely misses you. x2
You miss the quokka.
A bat comes into view.
The quokka closely misses you.
You closely miss the quokka. The quokka bites you.
You miss the quokka. The bat hits you but does no damage.
The quokka misses you. The quokka bites you.
You barely miss the quokka. You miss the bat.
The bat hits you but does no damage. The bat misses you.
The quokka barely misses you.
You closely miss the gnoll. You hit the quokka but do no damage.
The bat hits you but does no damage. The gnoll hits you with a +0 club.
The bat hits you but does no damage. The quokka misses you.
You hit the gnoll.
The gnoll is moderately wounded.
You hit the bat.
You kill the bat!
You closely miss the quokka. You closely miss the goblin.
The quokka barely misses you. The goblin closely misses you.
The gnoll hits you with a +0 club.
* * * LOW HITPOINT WARNING * * *
The quokka bites you but does no damage.
The goblin barely misses you. The gnoll barely misses you.
Your Axes skill increases to level 3!
The gnoll attacks as you move away! The gnoll hits you with a +0 club!
You die...

#######.# #.# #.#
#.## #.# #..# #
#.# #..# .. #.#
#..# ..# #.# #..#
...# #.# #..#...##
#.# #†....?.. #.#
##@g..!...
#.#######.rg......
#.................
##########.......#
...#...## ...##.##
...# .# ..... #
..##


You could see a gnoll, a quokka and a goblin.

Vanquished Creatures
  A bat (D:1)
  An endoplasm (D:1)
  A giant cockroach (D:1)
3 creatures vanquished.

Notes
Turn   | Place    | Note
-------+----------+-------------------------------------------
     0 | D:1      | Flaz the Ghoul Monk began the quest for the Orb.
     0 | D:1      | Reached XP level 1. HP: 19/19 MP: 0/0
     3 | D:1      | Noticed an electric eel
     4 | D:1      | Noticed an electric eel
    99 | D:1      | Slain by a gnoll

Illustrated notes

Levels and vault maps discovered:
D:1:      arrival_aquarium_b, layout_loops_ring, serial_shops, shop_scrolls,
          hangedman_decor_growths, st_stairs_3

Skill      XL: |  1 |
---------------+----+-----
Axes           | 3 |  3.0
Fighting       | |  3.2
Dodging        | |  2.6
Stealth        | |  2.1

Action                   || total
-------------------------++-------
Melee: Hand axe          ||    14
 Stab: Sleeping          ||     1
Armor: Robe              ||     7
Dodge: Dodged            ||    15
